 Dungeon Crawl Stone Soup version 0.22.1-6-g1668fe2 (webtiles) character file.

16 Kairos the Skirmisher (level 2, 22/25 HPs)
             Began as a Formicid Abyssal Knight on Jan 22, 2019.
             Was a Follower of Lugonu.
             Quit the game on level 1 of the Dungeon.
             The game lasted 00:03:10 (642 turns).

Kairos the Skirmisher (Formicid Abyssal Knight)      Turns: 642, Time: 00:03:11

Health: 22/25      AC:  3    Str: 16    XL:     2   Next: 70%
Magic:  3/3        EV: 11    Int: 11    God:    Lugonu [*.....]
Gold:   56         SH:  0    Dex: 10    Spells: 1/1 levels left

rFire    . . .     SeeInvis +   a - +1 hand axe
rCold    . . .     Gourm    .   (no shield)
rNeg     . . .     Faith    .   b - +0 leather armour
rPois    .         Spirit   .   (helmet unavailable)
rElec    .         Reflect  .   (no cloak)
rCorr    .         Harm     .   (no gloves)
MR       .....                  (no boots)
Stlth    +.........             (no amulet)
HPRegen  0.08/turn              (no ring)
MPRegen  0.08/turn              (no ring)

@: no status effects
A: permanent stasis, dig shafts and tunnels, four strong arms, antennae 3,
blurry vision 1
a: Dig, Shaft Self, Depart the Abyss, Renounce Religion


You were on level 1 of the Dungeon.
You worshipped Lugonu.
Lugonu was aware of your devotion.
You were not hungry.

You visited 1 branch of the dungeon, and saw 1 of its levels.
You visited the Abyss 1 time.

You collected 56 gold pieces.

Inventory:

Hand Weapons
 a - a +1 hand axe (weapon)
Armour
 b - a +0 leather armour (worn)
Scrolls
 g - 2 scrolls of identify {unknown}
 h - a scroll of amnesia {unknown}
Potions
 d - a potion of lignification {unknown}
Miscellaneous
 e - a lamp of fire
 f - a sack of spiders
Comestibles
 c - 3 rations


   Skills:
 + Level 3.8 Fighting
 + Level 2.2 Axes
 + Level 2.4 Armour
 + Level 0.8 Dodging
 + Level 2.2 Invocations


You had one spell level left.
You didn't know any spells.
Your spell library was empty.

Dungeon Overview and Level Annotations

Branches:
Dungeon (1/15)

Altars:


Innate Abilities, Weirdness & Mutations

You cannot be hasted, slowed, berserked, paralysed or teleported.
You can dig through walls and to a lower floor.
Your four strong arms can wield two-handed weapons with a shield.
You have a pair of large antennae on your head. (SInv)
Scrolls take you a little longer to read.


Message History

You barely miss the kobold. The kobold barely misses you.
You barely miss the kobold. The kobold hits you with a club.
You hit the kobold but do no damage. The kobold hits you but does no damage.
You hit the kobold.
The kobold is moderately wounded.
The kobold hits you with a club.
You hit the kobold.
You kill the kobold!
Lugonu accepts your kill.
No target in view!
No target in view!
No target in view!
No target in view!
No target in view!
No target in view!
No target in view!
No target in view!
No target in view!
No target in view!
Are you sure you want to abandon this character and quit the game? (Confirm

#.#.....#......#.#.#
#.#.....#..##......#
##..........##.......
..#.................
#.#.................
#####.#......####.###...
..............###.###...
##...#.####...........
#.#.@[# #...........
#.....)### #...........
#...... #...........
#...... #...........
#...... #.......####
######. ..####### #. ###
##


There were no monsters in sight!

Vanquished Creatures
  An ooze (D:1)
  2 bats (D:1)
  A giant cockroach (D:1)
  3 hobgoblins (D:1)
  A kobold (D:1)
  A frilled lizard (D:1)
  A rat (D:1)
10 creatures vanquished.

Vanquished Creatures (others)
  6 starspawn tentacles (Abyss:2)
6 creatures vanquished.

Grand Total: 16 creatures vanquished

Notes
Turn   | Place    | Note
-------+----------+-------------------------------------------
     0 | Abyss:1  | Kairos the Formicid Abyssal Knight began the quest for the
                  | Orb.
     0 | Abyss:1  | Reached XP level 1. HP: 18/18 MP: 2/2
   169 | Abyss:2  | Noticed a spatial vortex
   206 | Abyss:2  | Found a corrupted altar of Lugonu.
   208 | Abyss:2  | Noticed a shadow
   208 | Abyss:2  | Noticed a tentacled starspawn
   227 | Abyss:2  | Noticed a shadow
   234 | Abyss:2  | Noticed a tentacled starspawn
   252 | Abyss:2  | Noticed a neqoxec
   252 | Abyss:2  | Gained mutation: Scrolls take you a little longer to read.
                  | [a neqoxec]
   253 | D:1      | Escaped the Abyss
   420 | D:1      | Noticed a gargoyle
   420 | D:1      | Noticed a naga
   422 | D:1      | Noticed a demonspawn
   422 | D:1      | Noticed a halfling
   424 | D:1      | Noticed an elf
   424 | D:1      | Noticed a spriggan
   426 | D:1      | Noticed a demigod
   426 | D:1      | Noticed a human
   428 | D:1      | Noticed an octopode
   430 | D:1      | Noticed a formicid
   430 | D:1      | Noticed a vampire
   432 | D:1      | Noticed an ogre
   432 | D:1      | Noticed a dwarf
   434 | D:1      | Noticed a centaur
   434 | D:1      | Noticed a ghoul
   436 | D:1      | Noticed a minotaur
   438 | D:1      | Noticed a felid
   438 | D:1      | Noticed a tengu
   440 | D:1      | Noticed a troll
   440 | D:1      | Noticed a draconian
   442 | D:1      | Noticed a merfolk
   444 | D:1      | Noticed a vine stalker
   460 | D:1      | Reached XP level 2. HP: 23/24 MP: 3/3
   560 | D:1      | Reached * piety under Lugonu
   642 | D:1      | Quit the game

Action                   || total
-------------------------++-------
Melee: Hand axe          ||    30
Invok: Depart the Abyss  ||     1
Armor: Leather armour    ||     8
Dodge: Dodged            ||    17
